 Dungeon Crawl Stone Soup version 0.20.1-1-g8b1a95d (webtiles) character file.

111 Mesmaeker13 the Digger (level 4, -3/24 HPs)
             Began as a Gargoyle Earth Elementalist on July 28, 2017.
             Killed from afar by an orc wizard (7 damage)
             ... with a magic dart
             ... on level 3 of the Dungeon.
             The game lasted 00:04:53 (2811 turns).

Mesmaeker13 the Digger (GrEE)                       Turns: 2811, Time: 00:04:53

Health: -3/24      AC:  6    Str: 11    XL:     4   Next: 92%
Magic:  8/8        EV: 12    Int: 17    God:
Gold:   43         SH:  0    Dex: 10    Spells: 2/8 levels left

rFire    . . .     SeeInvis .   a - +0 dagger
rCold    . . .     Gourm    .   (no shield)
rNeg     + . .     Faith    .   c - +0 robe
rPois    ∞         Spirit   .   p - +0 helmet
rElec    +         Reflect  .   (no cloak)
rCorr    .         Harm     .   (no gloves)
MR       .....                  (no boots)
Stlth    ++........             (no amulet)
Regen    0.1/turn               (no ring)
MPRegen  0.2/turn               (no ring)

@: very slightly contaminated
A: negative energy resistance 1, electricity resistance, unbreathing,
petrification resistance, rot immunity, AC +3
a: no special abilities


You were on level 3 of the Dungeon.
You were very hungry.

You visited 1 branch of the dungeon, and saw 3 of its levels.

You collected 43 gold pieces.

Inventory:

Hand Weapons
 a - a +0 dagger (weapon)
Missiles
 b - 5 stones (quivered)
Armour
 c - a +0 robe (worn)
 p - a +0 helmet (worn)
Scrolls
 f - a scroll of identify
 h - a scroll of fog
 i - a scroll of immolation
 j - a scroll of teleportation
 l - 2 scrolls of remove curse
 r - a scroll of enchant armour {unknown}
Potions
 m - a potion of resistance
 o - a potion of heal wounds {unknown}
Books
 e - a book of Geomancy

   Spells                             Type                      Level
   a - Sandblast                      Earth                        1
   b - Passwall                       Transmutation/Earth          2
   c - Stone Arrow                    Conjuration/Earth            3
   d - Petrify                        Transmutation/Earth          4
   e - Lee's Rapid Deconstruction     Earth                        5
Comestibles
 d - 2 bread rations
 k - 4 meat rations


   Skills:
 + Level 2.5 Dodging
 - Level 2.1 Stealth
 + Level 2.9 Spellcasting
 + Level 1.4 Conjurations
 - Level 0.7 Transmutations
 + Level 4.7 Earth Magic


You had 2 spell levels left.
You knew the following spells:

 Your Spells              Type           Power        Failure   Level  Hunger
a - Sandblast             Erth           ###...       2%          1    #......
b - Stone Arrow           Conj/Erth      ##....       16%         3    ###....
c - Passwall              Tmut/Erth      ##........   9%          2    ##.....


Dungeon Overview and Level Annotations

Branches:
Dungeon (3/15)

Altars:
Fedhas
Kikubaaqudgha


Innate Abilities, Weirdness & Mutations

You are resistant to torment.
Your stone body is resilient. (AC +3)
You are immune to poison.
You resist negative energy. (rN+)
You are resistant to electric shocks. (rElec)
You can survive without breathing.
You are immune to petrification.
You are immune to rotting.


Message History

The orc hits you with a hand axe.
* * * LOW HITPOINT WARNING * * *
The orc wizard gestures wildly while chanting.
The orc wizard flickers and vanishes!
The orc closely misses you.
You hit the orc but do no damage. The orc wizard closely misses you.
The orc hits you but does no damage. x2; Something hits you but does no damage.
The orc hits you but does no damage.
Unknown command.
Unknown command.
Blink to where?
Press: ? - help, Dir - move target cursor, p - orc You are very lightly contaminated with residual magic.
As you read the scroll of blinking, it crumbles to dust.
The orc wizard gestures wildly while chanting.
The orc wizard blinks!
As you read the scroll of fog, it crumbles to dust.
The scroll dissolves into smoke.
The orc wizard gestures at you while chanting.
The magic dart hits you!
You die...

................{o>.....#
...#...........§o#.####.#
...#.....#######o#.#
.................#.#
....###'#.####.#.#.#
..#.###)#.#..#.#§#.#
......#.#....#.#o#.#
......#§#......#§#.#
##....#......###@#
#........###.###§#
#........+....##§#.#
#........###.......#
.........####'##.###
.....................
...............######
...............+
...............#


You could see an orc wizard.

Vanquished Creatures
  An orc wizard (D:3)
  An adder (D:2)
  An ooze (D:3)
  4 dart slugs
  A worm (D:2)
  2 leopard geckos (D:2)
  2 orcs
  8 bats
  6 giant cockroaches
  5 goblins
  5 hobgoblins
  4 jackals (D:2)
  A quokka (D:2)
  4 frilled lizards
  4 kobolds
  4 rats
53 creatures vanquished.

Notes
Turn   | Place    | Note
-------+----------+-------------------------------------------
     0 | D:1      | Mesmaeker13 the Gargoyle Earth Elementalist began the quest for the Orb.
     0 | D:1      | Reached XP level 1. HP: 10/10 MP: 3/3
   223 | D:1      | Reached XP level 2. HP: 11/15 MP: 5/5
   529 | D:1      | Reached skill level 4 in Earth Magic
   960 | D:1      | Reached XP level 3. HP: 19/19 MP: 4/6
  1052 | D:2      | Learned a level 3 spell: Stone Arrow
  1520 | D:2      | Found an ancient bone altar of Kikubaaqudgha.
  1521 | D:2      | Found a blossoming altar of Fedhas.
  1927 | D:2      | Reached XP level 4. HP: 24/24 MP: 6/8
  2517 | D:3      | Reached skill level 1 in Conjurations
  2667 | D:2      | Learned a level 2 spell: Passwall
  2811 | D:3      | Killed from afar by an orc wizard

Skill      XL: |  1  2  3  4 |
---------------+-------------+-----
Earth Magic    | 4 |  4.7
Dodging        | 2 |  2.5
Conjurations   | 1 |  1.4
Stealth        | |  2.1
Spellcasting   | |  2.9
Transmutations | |  0.7

Action                   |  1- 3 |  4- 6 || total
-------------------------+-------+-------++-------
Melee: Dagger            |   150 |    91 ||   241
 Cast: Sandblast         |    25 |    15 ||    40
       Stone Arrow       |     3 |       ||     3
  Use: Scroll            |     3 |     6 ||     9
 Stab: Sleeping          |     2 |       ||     2
  Eat: Chunk             |     4 |     2 ||     6
Armor: Robe              |    78 |    54 ||   132
Dodge: Dodged            |   159 |    68 ||   227
